[Event "Early-Titled-Tuesday-Blitz-October-10-2023"]
[Site "Chess.com"]
[Date "2023.10.10"]
[Round "2"]
[White "ilya2700"]
[Black "Rutvij09"]
[Result "1-0"]
[WhiteElo "2307"]
[BlackElo "2489"]
[TimeControl "180+1"]
[EndTime "8:17:49 PDT"]
[Termination "ilya2700 won on time"]

1. c4 e5 2. Nc3 Nc6 3. Nf3 f5 4. d4 e4 5. Ng5 h6 6. Nh3 g5 7.
f3 exf3 8. exf3 Bg7 9. d5 Nd4 10. Be3 c5 11. d6 Qb6 12. Bxd4 cxd4 13. Qe2+ Kf7 14. Nb5 Nf6 15. Qe7+ Kg6 16. g4 Rd8 17. gxf5+ Kh7 18. O-O-O Re8 19. Qf7 a6 20. Nxd4 Qxd6 21. Ne6 Qe7 22. Qg6+ Kh8 23. Nc7 Qe3+ 24. Kb1 d5 25. Nxe8 Nxe8 26. Bd3 Nf6 27. Rhe1 Qxf3 28. Ng1 Qg4 29. cxd5 Bd7 30. h3 Qf4 31. Re7 Rg8 32. Ne2 Qf2 33. Rxg7 1-0

[Event "Early-Titled-Tuesday-Blitz-October-10-2023"]
[Site "Chess.com"]
[Date "2023.10.10"]
[Round "2"]
[White "TERMINATOR_PC"]
[Black "kirillshevchenko"]
[Result "0-1"]
[WhiteElo "2612"]
[BlackElo "2967"]
[TimeControl "180+1"]
[EndTime "8:17:50 PDT"]
[Termination "kirillshevchenko won by resignation"]

1. e4 e5 2. Nf3 Nc6 3. Bc4 Nf6 4. d3 Bc5 5. O-O d6 6. c3 a6 7. a4 Ba7 8. Re1 Qe7 9. Nbd2 g5 10. d4 g4 11. Nh4 exd4 12. Nf5 Bxf5 13. exf5 Ne5 14.
Ne4 Nxe4 15. Rxe4 dxc3 16. Qb3 O-O-O 17. bxc3 Qd7 18. Rb1 c6 19. Bf1 h5 20. Bf4 Rhe8 21.
Rb4 b5 22. axb5 axb5 23. c4 Bc5 24. cxb5 Bxb4 25. Qxb4 c5 26. Qa5 Qxf5 27. Qa8+ Kd7 28. Qb7+ Ke6 29. Bxe5 Qxe5 30. Qc6 Rc8 31. Bc4+ Kf6 32.
Qd7 Qe7 33. Qxe7+ Rxe7 34. b6 Rb8 35. Bd5 Rxb6 0-1

[Event "Early-Titled-Tuesday-Blitz-October-10-2023"]
[Site "Chess.com"]
[Date "2023.10.10"]
[Round "2"]
[White "Aslanov_Umid"]
[Black "xamax2000"]
[Result "0-1"]
[WhiteElo "2583"]
[BlackElo "2852"]
[TimeControl "180+1"]
[EndTime "8:17:50 PDT"]
[Termination "xamax2000 won by resignation"]

1. e4 e5 2. Nf3 Nc6 3. Bc4 Nf6 4. d3 Bc5 5. O-O O-O 6. c3 d6 7. a4 a5 8. h3 Ba7 9. Re1 Be6 10. Bb5 Ne7 11. d4 Ng6 12. Nbd2 c6 13. Bd3 h6 14.
Nf1 d5 15. exd5 Bxd5 16. Nxe5 Nxe5 17. dxe5 Nd7 18. Qg4 Be6 19. Qg3 Kh8 20. Be3 Nxe5 21. Bxh6 Bxf2+ 22. Kxf2 Nxd3+ 23. Kg1 gxh6 24. Rad1 Bf5 25.
Re5 Bg6 26. Qe3 Kg7 27. Ng3 Re8 28. Nh5+ Bxh5 29. Rxd3 Qxd3 30. Qxd3 Rxe5 31. Qd4 Re8 32. b4 axb4 33. cxb4 Re6 34. a5 Be2 35. Qb6 Ba6 36. Qd4 Kg8 37. Qd8+ Kh7 38. Qd4 Rd5 39. Qf4 Kg8 40.
Qb8+ Kg7 41. Qf4 Rg6 42. g4 h5 43. Kf2 hxg4 44. Ke3 g3 0-1

[Event "Early-Titled-Tuesday-Blitz-October-10-2023"]
[Site "Chess.com"]
[Date "2023.10.10"]
[Round "2"]
[White "Alina_Gumerovna"]
[Black "LangesNasenhaar"]
[Result "0-1"]
[WhiteElo "2090"]
[BlackElo "2559"]
[TimeControl "180+1"]
[EndTime "8:17:50 PDT"]
[Termination "LangesNasenhaar won by resignation"]

1. e4 Nc6 2. d4 d5 3. e5 Bf5 4. c3 e6 5. Nf3 Nge7 6. Be2 Qd7 7. O-O f6 8. Bf4 O-O-O 9. b4 h5 10.
exf6 gxf6 11. Qa4 a6 12. Nbd2 Bh6 13. Bxh6 Rxh6 14. Nb3 Bc2 15. Rfc1 Bxb3 16. axb3 Kb8 17. b5 Na7 18. bxa6 Qxa4 19. Rxa4 b6 20. Re1 Ng6 21. Bf1 Re8 22. g3 h4 23. Ra2 hxg3 24. fxg3 e5 25.
dxe5 fxe5 26. Rae2 e4 27. Nd4 Ne5 28. Rf2 Nac6 29.
Nxc6+ Nxc6 30. Bb5 Rd8 31. Rd1 Ne5 32. Be2 Rc6 33. c4 d4 34. Bf1 d3 35. Rf5 Re6 36.
h4 e3 37. h5 Ka7 38. g4 e2 39.
Bxe2 dxe2 40. Re1 Rd1 41. Kf2 Nd3+ 0-1

[Event "Early-Titled-Tuesday-Blitz-October-10-2023"]
[Site "Chess.com"]
[Date "2023.10.10"]
[Round "2"]
[White "TigrVShlyape"]
[Black "valeriocarnicelli"]
[Result "1/2-1/2"]
[WhiteElo "2936"]
[BlackElo "2626"]
[TimeControl "180+1"]
[EndTime "8:17:51 PDT"]
[Termination "Game drawn by repetition"]

1. d4 Nf6 2. Bf4 c5 3. e3 e6 4. c3 Be7 5. h3 O-O 6. Nd2 b6 7. Ngf3 Bb7 8. Bd3 d6 9. Bh2 Nbd7 10. O-O cxd4 11. exd4 Rc8 12. Re1 Re8 13. a4 a6 14.
Qe2 a5 15. Nc4 Nf8 16. Na3 Ng6 17. Bb5 Bc6 18. Bxc6 Rxc6 19. Qb5 Qc8 20. Qb3 d5 21. Nb5 Qd7 22. Re2 Ne4 23. Rae1 h6 24. Ne5 Nxe5 25.
Bxe5 Nd6 26. Bxd6 Bxd6 27. g3 Bb8 28. Kg2 h5 29. h4 Qd8 30. Na3 Qd6 31. Nb1 Rec8 32.
Nd2 g6 33. Nf3 Qd8 34. Ra1 Kg7 35. Ne1 Bd6 36. Nd3 Bb8 37. Qb5 Bd6 38. Rae1 Bb8 39.
Re3 Bd6 40. Rf3 Qd7 41. Qb3 Bb8 42. Ra1 Bc7 43. Qd1 Rc4 44. Re3 Bb8 45. Qb3 Bc7 46. Re2 Rb8 47. Qd1 Bd6 48. Re3 Qc7 49. Ne1 Qd7 50. Nd3 Qc7 51. Ne1 Qd7 52. Nd3 1/2-1/2

[Event "Early-Titled-Tuesday-Blitz-October-10-2023"]
[Site "Chess.com"]
[Date "2023.10.10"]
[Round "2"]
[White "Darko-Dimitrijevic"]
[Black "FrenchMonster2002"]
[Result "1-0"]
[WhiteElo "2197"]
[BlackElo "2422"]
[TimeControl "180+1"]
[EndTime "8:17:51 PDT"]
[Termination "Darko-Dimitrijevic won on time"]

1. g3 d5 2. Bg2 e5 3. c4 d4 4. d3 Nf6 5. b3 Nc6 6. Na3 Bb4+ 7. Kf1 h6 8. Nc2 Bc5 9. a3 a5 10. Rb1 Qe7 11. Nf3 O-O 12. h3 Bf5 13. Nd2 e4 14. Kg1 exd3 15. exd3 Bxd3 16. Nf3 Be2 17. Qd2 d3 18. Ne3 Ne4 19. Qb2 Nxg3 20. Nd5 Qe6 21. Nxc7 Qg6 22. b4 axb4 23. axb4 Nxh1 24. Kxh1 Bxf2 25. Nxa8 Rxa8 26. Bf4 Bxf3 27. Bxf3 Bg3 28. Rg1 Qf6 29. Qxf6 gxf6 30. Rxg3+ Kf8 31. Bxc6 Ke7 32. Rxd3 bxc6 33. Bd6+ Ke6 34. Bc5 Ra1+ 35. Kg2 Rc1 36.
Rd6+ Ke5 37. Rxc6 Rxc4 38. Rc7 Kd5 39. Rxf7 Ke6 40. Rh7 Rc2+ 41. Kg3 Rc3+ 42. Kh4 Kf5 43. Rxh6 Rc4+ 44. Kh5 Rc3 45. h4 Rb3 46. Rh8 Rg3 47. Re8 1-0

[Event "Early-Titled-Tuesday-Blitz-October-10-2023"]
[Site "Chess.com"]
[Date "2023.10.10"]
[Round "2"]
[White "scarabee43"]
[Black "ArmanGhevondyanchess"]
[Result "0-1"]
[WhiteElo "2789"]
[BlackElo "2570"]
[TimeControl "180+1"]
[EndTime "8:17:53 PDT"]
[Termination "ArmanGhevondyanchess won by checkmate"]

1. Nf3 Nf6 2. e3 g6 3. d4 Bg7 4.
c4 O-O 5. Nc3 d5 6. cxd5 Nxd5 7.
Be2 c5 8. O-O Nc6 9. Qd2 cxd4 10. exd4 b6 11. Rd1 Bb7 12. Qg5 e6 13. Nxd5 Qxd5 14. Qxd5 exd5 15. Be3 Rac8 16. Rac1 h6 17. a3 Na5 18. Ne5 Nb3 19. Rb1 Rfe8 20. Bb5 Re7 21.
Ba4 Nxd4 22. Nxg6 Ne2+ 23. Kf1 fxg6 24. Bb5 d4 25. Bd2 d3 26. Bxd3 Nd4 27. Bxg6 Rc6 28. Bd3 Kh8 29. Bb4 Rf7 30. Be4 Rcf6 31. Bxb7 Rxf2+ 32. Kg1 Ne2+ 33. Kh1 Rxb7 34. h3 Be5 35. Rd8+ Kg7 36.
Re8 Bg3 37. Re1 Rbf7 38. Re7 Rxe7 39. Bxe7 Kg6 40. Bb4 Kf5 41. Bd2 Ke4 42. Bxh6 Kd3 43. Bg5 Rf5 44. Rd1+ Kc2 45. Rd2+ Kb3 46. Rd3+ Ka2 47.
Rf3 Rxg5 48. Re3 Rf5 49. Rxe2 Rf1# 0-1

[Event "Early-Titled-Tuesday-Blitz-October-10-2023"]
[Site "Chess.com"]
[Date "2023.10.10"]
[Round "2"]
[White "BocharovD"]
[Black "karwowskikacper"]
[Result "1-0"]
[WhiteElo "2754"]
[BlackElo "2537"]
[TimeControl "180+1"]
[EndTime "8:17:53 PDT"]
[Termination "BocharovD won on time"]

1. Nf3 Nf6 2. g3 d5 3. Bg2 e6 4.
O-O Be7 5. d3 O-O 6. c4 dxc4 7.
dxc4 Qxd1 8. Rxd1 Nc6 9. Bf4 Ne8 10. Nc3 a6 11. Rac1 f6 12. Be3 Bb4 13. Ne4 e5 14. a3 Be7 15. b4 Be6 16. Bc5 Rf7 17. Bxe7 Rxe7 18. Nc5 Nd8 19. Nd2 c6 20. Ndb3 Bg4 21.
Rd2 Ne6 22. Nxb7 Rxb7 23. Bxc6 Rab8 24. Bxb7 Rxb7 25. f3 Bh5 26. Na5 Rc7 27. Kf2 Nd4 28.
g4 Bf7 29. e3 Nc6 30. Nb3 e4 31. f4 h5 32. h3 hxg4 33. hxg4 Ne7 34. Nc5 a5 35.
Rd7 Rxd7 36. Nxd7 axb4 37. axb4 Nc6 38. b5 Na5 39. c5 Nb3 40. Rc3 Be6 41. c6 Na5 42. b6 Nxc6 43. Rxc6 Bxd7 44. Rc5 Nd6 45. Rd5 1-0

[Event "Early-Titled-Tuesday-Blitz-October-10-2023"]
[Site "Chess.com"]
[Date "2023.10.10"]
[Round "2"]
[White "ylr5000"]
[Black "attack2mateU"]
[Result "0-1"]
[WhiteElo "2469"]
[BlackElo "2714"]
[TimeControl "180+1"]
[EndTime "8:17:55 PDT"]
[Termination "attack2mateU won on time"]

1. d4 Nf6 2. Nf3 g6 3. g3 Bg7 4.
Bg2 O-O 5. O-O d5 6. c4 dxc4 7. Na3 c3 8. bxc3 c5 9. e3 Nc6 10. Nc4 Be6 11. Nce5 Bd5 12. Nxc6 Bxc6 13. Ba3 Ne4 14. Qb3 Qb6 15. Rac1 Rfd8 16. Rfd1 Qa5 17. Qb2 b5 18. Nd2 Nxd2 19. Rxd2 Bxg2 20. Kxg2 cxd4 21.
cxd4 e6 22. Rdc2 Qb6 23. Kg1 a5 24. Rc6 Qb8 25. Be7 Rd7 26. Bg5 h6 27. Bf4 Qb7 28. Rc7 Rxc7 29. Rxc7 Qd5 30. Qc2 g5 31. Rc5 Qf3 32.
Bd6 b4 33. Rc7 Rd8 34. Be7 Re8 35. Ra7 Qd5 36. h3 Qb5 37. Qc5 Qe2 38. Qc7 Qxa2 39.
Bxg5 e5 0-1

[Event "Early-Titled-Tuesday-Blitz-October-10-2023"]
[Site "Chess.com"]
[Date "2023.10.10"]
[Round "2"]
[White "THE_PLAYER6"]
[Black "surrenderPLS"]
[Result "1-0"]
[WhiteElo "2386"]
[BlackElo "2504"]
[TimeControl "180+1"]
[EndTime "8:17:56 PDT"]
[Termination "THE_PLAYER6 won by checkmate"]

1. d4 Nf6 2. c4 e6 3. g3 d5 4. Bg2 Be7 5. Nf3 O-O 6. O-O dxc4 7. Qc2 b5 8. a4 Bb7 9. axb5 a6 10. bxa6 Nxa6 11. Qxc4 Bd5 12. Qc3 c5 13. Rd1 Ne4 14. Qe3 Nb4 15. Rxa8 Qxa8 16. Na3 Rd8 17. Bd2 Qa4 18.
Rc1 cxd4 19. Qf4 Bd6 20. Qh4 Re8 21. Ng5 Nxg5 22. Bxg5 Bxg2 23. Kxg2 Nd5 24. Rc4 Qb3 25. Qxd4 Bxa3 26. bxa3 Qxa3 27. e4 Ne7 28. Qd7 Kf8 29.
Be3 Qa8 30. Bc5 Qd8 31. Qa7 Kg8 32. Rd4 Qc8 33. Bxe7 Qc3 34. Qd7 Qc8 35. Qxc8 Rxc8 36. Rd8+ Rxd8 37. Bxd8 Kf8 38. Bc7 Ke8 39. Be5 f6 40. Bc3 e5 41. f4 Ke7 42. fxe5 fxe5 43. Bxe5 g6 44. Bf4 Ke6 45. h4 h5 46. Kf3 Kf6 47. Ke3 Ke6 48. Kd4 Kf6 49. Bg5+ Ke6 50.
e5 Kd7 51. Kd5 Ke8 52. e6 Kf8 53. Ke5 Ke8 54. Kf6 Kf8 55. Kxg6 Kg8 56. Kxh5 Kh8 57. Kg6 Kg8 58. e7 Kh8 59. e8=Q# 1-0

[Event "Early-Titled-Tuesday-Blitz-October-10-2023"]
[Site "Chess.com"]
[Date "2023.10.10"]
[Round "2"]
[White "ContrVersia"]
[Black "NicolaiMaxime"]
[Result "1-0"]
[WhiteElo "2900"]
[BlackElo "2600"]
[TimeControl "180+1"]
[EndTime "8:17:57 PDT"]
[Termination "ContrVersia won by checkmate"]

1. Nf3 Nf6 2. c4 g6 3. g3 Bg7 4. Bg2 O-O 5. O-O Re8 6. d4 d6 7.
Nc3 Nbd7 8. e4 c5 9. h3 a6 10. e5 Nh5 11. g4 cxd4 12. Ne4 dxe5 13. gxh5 f5 14. Neg5 Qb6 15. hxg6 h6 16. Nh4 hxg5 17. Bxg5 Nf6 18. c5 Qxb2 19. Bxf6 exf6 20. Bd5+ Kf8 21. Qh5 Qd2 22. Nxf5 Qg5+ 23. Qxg5 fxg5 24. Nd6 Rd8 25. Kg2 Rb8 26. Rab1 b6 27. a4 Bd7 28. Rxb6 Rxb6 29. cxb6 Bxa4 30. b7 Rb8 31. Rc1 Bd7 32. Rc8+ Bxc8 33.
bxc8=Q+ Rxc8 34. Nxc8 a5 35. Nb6 Ke7 36. Be4 Kd8 37. Kf3 Kc7 38. Nc4 a4 39. Kg4 Kd7 40. Kxg5 Ke7 41. h4 Bf6+ 42. Kg4 Kf8 43. h5 Kg7 44.
Kf5 Kh6 45. Kxf6 a3 46. Nxa3 d3 47. Bxd3 Kxh5 48. g7 e4 49. g8=Q Kh4 50. Qg3+ Kh5 51. Qg5# 1-0

[Event "Early-Titled-Tuesday-Blitz-October-10-2023"]
[Site "Chess.com"]
[Date "2023.10.10"]
[Round "2"]
[White "artin10862"]
[Black "elprimo2012mortis"]
[Result "0-1"]
[WhiteElo "2815"]
[BlackElo "2612"]
[TimeControl "180+1"]
[EndTime "8:17:57 PDT"]
[Termination "elprimo2012mortis won by resignation"]

1. e4 c6 2. Qe2 d5 3. Nc3 d4 4. Nd1 e5 5. d3 Bb4+ 6. c3 dxc3 7.
bxc3 Bc5 8. f4 exf4 9. Bxf4 Qf6 10. Qd2 Bb6 11. d4 Ne7 12. Bd3 Ng6 13. Bg3 h5 14. h3 h4 15. Bh2 c5 16. Nf3 cxd4 17. cxd4 Nc6 18. e5 Qe7 19. Nc3 Be6 20. d5 Rd8 21.
dxe6 Qxe6 22. Qe2 Ba5 23. Rc1 Bb6 24. Ng5 Qe7 25. Bc4 Qxg5 26. Rb1 O-O 27. Ne4 Qh6 28. Bg1 Nf4 29. Qb2 Nd4 30. Bf2 Qg6 31. Nd6 Qxg2 32.
Rf1 Nf3+ 33. Kd1 Nh2 34. Bxb6 Qxb2 35. Rxb2 Nxf1 36. Bxd8 Ne3+ 37. Ke1 Nxc4 38. Nxc4 Nd3+ 39. Ke2 Nxb2 40. Nxb2 Rxd8 0-1

[Event "Early-Titled-Tuesday-Blitz-October-10-2023"]
[Site "Chess.com"]
[Date "2023.10.10"]
[Round "2"]
[White "Ramosha"]
[Black "Anton_Demchenko"]
[Result "0-1"]
[WhiteElo "2626"]
[BlackElo "3016"]
[TimeControl "180+1"]
[EndTime "8:17:58 PDT"]
[Termination "Anton_Demchenko won by resignation"]

1. e4 e5 2. Nf3 Nc6 3. Bb5 a6 4. Ba4 Nge7 5. O-O Ng6 6. c3 d6 7. d4 Bd7 8. Re1 Be7 9. Nbd2 O-O 10. Nf1 b5 11. Bc2 exd4 12. cxd4 Bg4 13. Be3 Nh4 14. Rc1 Bf6 15. e5 dxe5 16. Bxh7+ Kxh7 17. Qc2+ Kg8 18. Qxc6 Bxf3 19. gxf3 exd4 20. Bf4 Qc8 21. Bg3 Qh3 22. Bxh4 Qxh4 23. Qxc7 d3 24. Rcd1 Rfd8 25. Re3 Qc4 26. Qb7 Rab8 27. Qe4 Qxa2 28. Rexd3 Rxd3 29. Rxd3 Qxb2 30. Ng3 Qe5 31. Qc6 b4 32. Qc4 Qe6 33. Qc1 b3 34. Ne4 b2 35. Qb1 Be5 36. Rd2 Rc8 37. Rd1 Qg6+ 38. Kf1 Qf5 39. Ke2 Qf4 40. Qd3 g6 41. Qxa6 Rc2+ 42. Kf1 Rc1 43. Qd3 b1=Q 44.
Qxb1 Rxb1 45. Rxb1 Qxf3 0-1

[Event "Early-Titled-Tuesday-Blitz-October-10-2023"]
[Site "Chess.com"]
[Date "2023.10.10"]
[Round "2"]
[White "Eagle_2019"]
[Black "kuanysh1981"]
[Result "1-0"]
[WhiteElo "2722"]
[BlackElo "2509"]
[TimeControl "180+1"]
[EndTime "8:17:58 PDT"]
[Termination "Eagle_2019 won by resignation"]

1. d4 Nf6 2. Bg5 Ne4 3. Bf4 d5 4. e3 e6 5. Bd3 f5 6. Nf3 Bd6 7. Ne5 O-O 8. O-O Nd7 9. f3 Nef6 10. c4 Nh5 11. Nc3 Bxe5 12. Bxe5 Nxe5 13. dxe5 d4 14.
Nb5 dxe3 15. f4 a6 16. Nc3 g6 17. Be2 Bd7 18. Bxh5 gxh5 19. Qxh5 Bc6 20. Rad1 Qe7 21. Qe2 Qg7 22. g3 Rad8 23. Qxe3 Qg4 24. Rd3 h5 25. Rfd1 Rxd3 26. Rxd3 h4 27. Qe2 Qg6 28. b4 b6 29.
b5 axb5 30. cxb5 Bb7 31. Kf2 Kh8 32. Rd7 Rf7 33. Qd3 hxg3+ 34. hxg3 Qh5 35. Rxf7 Qxf7 36. Qd8+ Kh7 37. a4 Qg7 38. Qe8 Kh6 39. Qxe6+ Kh7 40. Qxf5+ Kg8 41. Qg5 Qxg5 42. fxg5 Kf7 43. Ke3 Kg6 44.
Kf4 Bc8 45. Nd5 1-0

[Event "Early-Titled-Tuesday-Blitz-October-10-2023"]
[Site "Chess.com"]
[Date "2023.10.10"]
[Round "2"]
[White "abc_xyz4744"]
[Black "Hrant_ChessMood"]
[Result "0-1"]
[WhiteElo "2402"]
[BlackElo "2940"]
[TimeControl "180+1"]
[EndTime "8:17:58 PDT"]
[Termination "Hrant_ChessMood won by checkmate"]

1. e4 e5 2. Nf3 Nc6 3. Bc4 Nf6 4. d3 h6 5. O-O d6 6. Nbd2 g6 7. a4 Bg7 8. Re1 O-O 9. Nf1 Be6 10. Bxe6 fxe6 11.
h3 g5 12. Ng3 Ne7 13. Nh2 Ng6 14. Nh5 Nf4 15. Bxf4 exf4 16. Nxg7 Kxg7 17. Ng4 e5 18. d4 Qe8 19. Ra3 Rd8 20. Rc3 Rd7 21. Rd3 exd4 22. Rxd4 Re7 23. Nxf6 Rxf6 24. Rd5 Rxe4 25. Rf1 Rfe6 26.
b3 Qg6 27. Qa1+ Qf6 28. Qd1 c6 29. Rd3 d5 30. Qf3 Re1 31. Rd1 Rxf1+ 32. Rxf1 Qd4 33. Rd1 Qe4 34. Qc3+ Qe5 35. Qc5 a6 36. Qb4 Re7 37. c4 d4 38. c5 Rd7 39. Rd3 h5 40.
Qc4 g4 41. hxg4 hxg4 42. Qc2 Kf6 43. Rd2 d3 44. Rxd3 Qe1+ 45. Kh2 Rh7+ 46. Rh3 g3+ 47. fxg3 fxg3# 0-1

[Event "Early-Titled-Tuesday-Blitz-October-10-2023"]
[Site "Chess.com"]
[Date "2023.10.10"]
[Round "2"]
[White "GadimbayliA"]
[Black "Djager97"]
[Result "1-0"]
[WhiteElo "2847"]
[BlackElo "2582"]
[TimeControl "180+1"]
[EndTime "8:17:59 PDT"]
[Termination "GadimbayliA won by resignation"]

1. e4 e5 2. Nf3 Nc6 3. Nc3 Nf6 4. d4 exd4 5. Nxd4 Bb4 6. Nxc6 bxc6 7. Bd3 d5 8. exd5 cxd5 9. O-O O-O 10. Bg5 c6 11.
Qf3 Bd6 12. Rae1 Rb8 13. Nd1 h6 14. Bxf6 Qxf6 15. Qxf6 gxf6 16. b3 Be6 17. Ne3 Rfe8 18. Nf5 Bf8 19. Re3 c5 20. Rfe1 Kh8 21. Ng3 Bd6 22.
Nh5 Be5 23. h3 c4 24. Bf1 d4 25. Rf3 Bd5 26. Rxf6 Bxf6 27. Rxe8+ Rxe8 28. Nxf6 cxb3 29. axb3 Rd8 30. Nxd5 Rxd5 31. Bc4 Rd7 32. g3 Kg7 33.
Kg2 f6 34. Kf3 f5 35. Ke2 Kf6 36. Kd3 f4 37. Ke4 fxg3 38. fxg3 Rg7 39. Kf4 Re7 40. g4 a5 41. h4 Re1 42. Bd3 Ke6 43. g5 hxg5+ 44.
hxg5 Rg1 45. g6 Re1 46. Kg5 Rg1+ 47. Kf4 Kf6 48. Kf3 Re1 49. Kf2 Re3 50. Kg2 Ke6 51.
Kf2 Kf6 52. Kg2 Re7 53. Kf3 Re3+ 54. Kf4 Re2 55. Bxe2 1-0

[Event "Early-Titled-Tuesday-Blitz-October-10-2023"]
[Site "Chess.com"]
[Date "2023.10.10"]
[Round "2"]
[White "PatzerSmashers"]
[Black "Dewarfd"]
[Result "1-0"]
[WhiteElo "2432"]
[BlackElo "2064"]
[TimeControl "180+1"]
[EndTime "8:17:59 PDT"]
[Termination "PatzerSmashers won on time"]

1. Nf3 Nf6 2. e3 d5 3. c4 e6 4. Nc3 c5 5. cxd5 Nxd5 6. Nxd5 Qxd5 7. Qc2 Be7 8. Bc4 Qh5 9. h3 Nd7 10. b3 O-O 11. Bb2 Bf6 12. Bxf6 Nxf6 13. O-O-O a6 14.
g4 Qh6 15. g5 Qh5 16. gxf6 Qxf3 17. fxg7 Rd8 18. Rhg1 b5 19. Bd3 f5 20. Rg3 Qd5 21. Be2 Qe5 22. Qc3 Qxc3+ 23. dxc3 Rxd1+ 24. Bxd1 Bb7 25. Bc2 Rd8 26. f3 Rd7 27. e4 fxe4 28. Bxe4 Bxe4 29. fxe4 Rxg7 30. Rd3 1-0

[Event "Early-Titled-Tuesday-Blitz-October-10-2023"]
[Site "Chess.com"]
[Date "2023.10.10"]
[Round "2"]
[White "kingofthenil"]
[Black "dcremisi"]
[Result "0-1"]
[WhiteElo "2731"]
[BlackElo "2564"]
[TimeControl "180+1"]
[EndTime "8:18:00 PDT"]
[Termination "dcremisi won on time"]

1. e4 e6 2. c4 d5 3. cxd5 exd5 4.
exd5 Nf6 5. Bc4 Nbd7 6. Nc3 Nb6 7. Qb3 Bd6 8. Bb5+ Bd7 9. Nf3 O-O 10. O-O Bxb5 11.
Qxb5 Qd7 12. Qb3 Rab8 13. Kh1 Bf4 14. d4 Bxc1 15. Ne5 Qd8 16. Raxc1 Nfxd5 17. Ne4 c6 18. Qf3 Qe7 19. Rfe1 Rbe8 20. g3 Kh8 21. h4 f6 22. Nd3 Qc7 23. Nec5 Qf7 24. Kg2 Nc8 25. a3 Nd6 26. h5 Nb5 27. Qg4 f5 28. Qh4 f4 29. Ne5 Rxe5 30. Rxe5 fxg3 31. Qxg3 Nxd4 32. Ne4 Nf4+ 33. Kh2 Nde2 34. Ng5 Qxh5+ 35. Nh3 Qxe5 36. Qe3 Qxe3 37. fxe3 Nxh3 38. Re1 Nhg1 39. Kg2 h5 40. Rd1 h4 41. Rd8 h3+ 42. Kh2 Rxd8 0-1

[Event "Early-Titled-Tuesday-Blitz-October-10-2023"]
[Site "Chess.com"]
[Date "2023.10.10"]
[Round "2"]
[White "djokovic74"]
[Black "Ural_bogatyr"]
[Result "1-0"]
[WhiteElo "2746"]
[BlackElo "2529"]
[TimeControl "180+1"]
[EndTime "8:18:00 PDT"]
[Termination "djokovic74 won on time"]

1. c4 Nf6 2. Nf3 e6 3. g3 d5 4.
d4 Be7 5. Bg2 O-O 6. O-O dxc4 7.
Qa4 a6 8. Qxc4 b5 9. Qc2 Bb7 10. Bf4 Nc6 11. Rd1 Nb4 12. Qc1 Nbd5 13. Bd2 Rc8 14.
Ba5 Qe8 15. Nc3 c5 16. Nxd5 Bxd5 17. Qe3 b4 18. a3 Qb5 19. axb4 cxb4 20. Ne5 Rc2 21.
Nd3 Rfc8 22. h3 h6 23. Kh2 Bxg2 24. Kxg2 Nd5 25. Qf3 Bf6 26. e4 Nb6 27. e5 Be7 28. Bxb6 Qxb6 29. Qe4 g6 30. h4 Kg7 31. h5 gxh5 32. Nf4 Bg5 33. Nxh5+ Kf8 34. Nf6 1-0

[Event "Early-Titled-Tuesday-Blitz-October-10-2023"]
[Site "Chess.com"]
[Date "2023.10.10"]
[Round "2"]
[White "jaskol95"]
[Black "sergiochess83"]
[Result "0-1"]
[WhiteElo "2598"]
[BlackElo "2897"]
[TimeControl "180+1"]
[EndTime "8:18:01 PDT"]
[Termination "sergiochess83 won by checkmate"]

1. e4 c5 2. Nf3 Nc6 3. b4 Nxb4 4. c3 Nc6 5. d4 cxd4 6. cxd4 d6 7. Nc3 g6 8. Be3 Bg7 9. Bc4 Nf6 10. h3 O-O 11.
O-O Nxe4 12. Nxe4 d5 13. Bd3 dxe4 14. Bxe4 e6 15. Rb1 Ne7 16. Bxb7 Bxb7 17. Rxb7 Nf5 18. Qd3 Qd5 19. Rfb1 Qxa2 20. Ne5 a5 21. g4 Nxe3 22.
Qxe3 a4 23. Qf3 Qd5 24. Qf4 Bxe5 25. dxe5 a3 26. R7b4 a2 27. Ra1 Rfb8 28. h4 Rxb4 29. Qxb4 Qxe5 30. Rd1 a1=Q 31. Qd2 Qxd1+ 32. Qxd1 Ra1 33.
Kg2 Rxd1 34. h5 Qd5+ 35. Kh3 gxh5 36. Kh4 Rd3 37. f3 Qxf3 38. Kg5 Qxg4+ 39. Kf6 Qf5+ 40. Ke7 h4 41. Ke8 h3 42. Ke7 h2 43. Ke8 h1=Q 44.
Ke7 Qg2 45. Ke8 Qa8+ 46. Ke7 Qd8# 0-1

[Event "Early-Titled-Tuesday-Blitz-October-10-2023"]
[Site "Chess.com"]
[Date "2023.10.10"]
[Round "2"]
[White "Ajedrez_con_German"]
[Black "Jojo_898"]
[Result "0-1"]
[WhiteElo "2608"]
[BlackElo "2383"]
[TimeControl "180+1"]
[EndTime "8:18:02 PDT"]
[Termination "Jojo_898 won on time"]

1. Nf3 Nf6 2. e3 g6 3. b3 Bg7 4. Bb2 O-O 5. Be2 d6 6. d4 Nbd7 7. O-O e5 8. dxe5 Ng4 9. c4 Ngxe5 10. Nc3 Nxf3+ 11. Bxf3 Ne5 12. Be2 Bd7 13. Qd2 Bc6 14. Rad1 Qg5 15. Nd5 Qd8 16. f4 Nd7 17. Bxg7 Kxg7 18.
Qc3+ f6 19. Bf3 Bxd5 20. cxd5 Nb6 21. Rc1 Rf7 22. Rc2 Qe7 23. Rfc1 Re8 24. Kf2 Qf8 25. Qd4 Rd7 26. Rxc7 Qe7 27. Rxd7 Qxd7 28. h3 Re7 29. Bg4 Qb5 30. Be6 Qa5 31. Rc2 Nd7 32. Rc8 Qxa2+ 33. Kg3 Qxb3 34. Rg8+ Kh6 35. Bxd7 Rxd7 36. Qxf6 Qxe3+ 37. Kh2 Qe7 38. Qd4 Qf7 39. Rb8 Qf5 40. Qe3 Rf7 41.
g3 Kg7 42. Rf8 Rxf8 0-1

[Event "Early-Titled-Tuesday-Blitz-October-10-2023"]
[Site "Chess.com"]
[Date "2023.10.10"]
[Round "2"]
[White "koncheto"]
[Black "RamonManon0g"]
[Result "1-0"]
[WhiteElo "2524"]
[BlackElo "2321"]
[TimeControl "180+1"]
[EndTime "8:18:02 PDT"]
[Termination "koncheto won by resignation"]

1. e4 c5 2. Nf3 d6 3. d4 cxd4 4. Nxd4 Nf6 5. f3 a6 6. c4 e6 7. Nc3 Be7 8. Be3 O-O 9. Be2 d5 10. exd5 exd5 11. O-O dxc4 12. Bxc4 Nbd7 13. Qe2 Ne5 14. Bb3 Bc5 15. Rad1 Qe7 16. Bf2 Re8 17. Rfe1 Bd7 18. Kh1 Neg4 19. fxg4 Qxe2 20. Rxe2 Bxg4 21. Rxe8+ Rxe8 22. Rc1 h6 23. Bg1 Rd8 24. Ne6 fxe6 25. Bxc5 Rd2 26. Rc2 Rd3 27. h3 Bf5 28. Re2 Kf7 29.
Bc2 Rd7 30. Bxf5 exf5 31. Kg1 b5 32. Kf2 Rc7 33. b4 Rd7 34. Ke1 Rd3 35. Rc2 f4 36.
Ke2 Rg3 37. Kf1 g5 38. Bd4 Nh5 39. Ne4 Rd3 40. Bf2 Ng7 41. Nc5 Rd1+ 42. Ke2 Rd5 43. Nxa6 Nf5 44. Rc5 Rd6 45. Rxf5+ Kg6 46. Rxb5 Rxa6 47.
Rb6+ Rxb6 48. Bxb6 h5 49. a4 g4 50. hxg4 hxg4 51.
a5 Kf7 52. a6 1-0

[Event "Early-Titled-Tuesday-Blitz-October-10-2023"]
[Site "Chess.com"]
[Date "2023.10.10"]
[Round "2"]
[White "Grandmaster1369"]
[Black "bazar-wokzal"]
[Result "1-0"]
[WhiteElo "2810"]
[BlackElo "2559"]
[TimeControl "180+1"]
[EndTime "8:18:03 PDT"]
[Termination "Grandmaster1369 won on time"]

1. e4 Nc6 2. Nc3 Nf6 3. d4 d5 4.
e5 Nd7 5. f4 Nb6 6. Be3 Bf5 7.
Bd3 Qd7 8. Nf3 Nb4 9. Bxf5 Qxf5 10. Rc1 Nc4 11. Bf2 Nxb2 12. Qe2 Nc4 13. O-O c6 14.
Bg3 Qd7 15. Nh4 e6 16. f5 O-O-O 17. Rb1 c5 18. fxe6 fxe6 19. dxc5 Bxc5+ 20. Kh1 Nc6 21. Ne4 Bb6 22. Nd6+ Nxd6 23. exd6 e5 24. Nf5 Rhf8 25. Ne7+ Nxe7 26. dxe7 Qxe7 27. Bxe5 Rxf1+ 28. Rxf1 Re8 29. Qg4+ Qd7 30. Qg3 Bc7 31. Bxc7 Qxc7 32. Qh3+ Qd7 33. Qxh7 b6 34. h3 Kb7 35. Qg6 Ka6 36. Qd3+ Qb5 37. Qa3+ Qa5 38. Qg3 Re2 39. Qxg7 Rxc2 40. Rf7 1-0